 Dungeon Crawl Stone Soup version 0.29-a0-553-g81b289dbe5 (webtiles) character file.

Game seed: 3741746548951963999

41 jlumianski the Covered (level 3, 0/24 HPs)
             Began as a Gargoyle Fighter on June 7, 2022.
             Slain by a gnoll
             ... wielding a +0 flail
              (3 damage)
             ... on level 2 of the Dungeon.
             The game lasted 00:01:55 (652 turns).

jlumianski the Covered (Gargoyle Fighter)            Turns: 652, Time: 00:01:56

Health: 0/24       AC: 10    Str: 21    XL:     3   Next: 52%
Magic:  3/3        EV:  9    Int:  8    God:
Gold:   49         SH:  4    Dex:  9    Spells: 2/2 levels left

rFire   . . .      SeeInvis .   a - +0 war axe
rCold   . . .      Faith    .   c - +0 buckler
rNeg    + . .      Spirit   .   b - +0 scale mail
rPois   ∞          Reflect  .   (no helmet)
rElec   +          Harm     .   (no cloak)
rCorr   .          Rampage  .   (no gloves)
Will    .....                   (no boots)
Stlth   ..........              (no amulet)
HPRegen 0.08/turn               (no ring)
MPRegen 0.08/turn               (no ring)

@: no status effects
A: sickness immunity, AC +3, negative energy resistance 1, electricity
resistance, torment resistance 1, petrification resistance
a: no special abilities


You were on level 2 of the Dungeon.
You visited 1 branch of the dungeon, and saw 2 of its levels.

You collected 49 gold pieces.

Inventory:

Hand Weapons
 a - a +0 war axe (weapon)
Missiles
 g - 49 stones (quivered)
 k - 4 javelins
Armour
 b - a +0 scale mail (worn)
 c - a +0 buckler (worn)
Scrolls
 e - a scroll of silence {unknown}
 f - a scroll of fog {unknown}
 h - a scroll of magic mapping {unknown}
 i - a scroll of enchant armour {unknown}
 j - a scroll of poison {unknown}
 l - a scroll of noise {unknown}
Potions
 d - 2 potions of might


   Skills:
 + Level 3.6 Fighting
 + Level 2.4 Axes
 + Level 3.7 Armour
 + Level 3.6 Shields


You had 2 spell levels left.
You didn't know any spells.
Your spell library was empty.

Dungeon Overview and Level Annotations

Branches:
Dungeon (2/15)

Altars:


Innate Abilities, Weirdness & Mutations

You are immune to sickness and miasma.
Your stone body is resilient. (AC +3)
You are immune to poison.
You resist negative energy. (rN+)
You are resistant to electric shocks. (rElec)
You are resistant to unholy torment.
You are immune to petrification.


Message History

There is a stone staircase leading up here.
A gnoll comes into view. It is wielding a +0 spear.
The gnoll shouts!
You hear a shout! x2
A gnoll comes into view. It is wielding a +3 whip.
The gnoll moves out of view.
The gnoll closely misses you.
You barely miss the gnoll. The gnoll hits you but does no damage.
The gnoll hits you with a +0 spear.
You slash the gnoll!
The gnoll is almost dead.
The gnoll hits you with a +0 spear.
You slash the gnoll!
You kill the gnoll!
A gnoll comes into view. It is wielding a +0 flail.
The gnoll hits you but does no damage.
You have reached level 3!
Your experience leads to an increase in your attributes!
Increase (S)trength, (I)ntelligence, or (D)exterity?
You feel stronger. x2
You hit the gnoll but do no damage. The gnoll closely misses you.
You closely miss the gnoll. You block the gnoll's attack.
A gnoll comes into view. It is wielding a +0 spear.
You closely miss the gnoll.
The gnoll shouts!
The gnoll hits you but does no damage.
The gnoll hits you from afar with a +0 spear.
You block the gnoll's attack. The gnoll barely misses you.
You barely miss the gnoll. You block the gnoll's attack.
The gnoll hits you from afar with a +0 spear.
You slash the gnoll!
The gnoll is severely wounded.
The gnoll hits you but does no damage. The gnoll hits you with a +3 whip.
The gnoll hits you but does no damage. x2
You slash the gnoll!
You kill the gnoll!
The gnoll barely misses you.
You hit the gnoll but do no damage. The gnoll hits you with a +0 flail!
* * * LOW HITPOINT WARNING * * *
The gnoll barely misses you. The gnoll hits you with a +0 flail.
You die...

##...# ....
#..# #..#
#..## #
#<..##.##.# #
#.........#
#g###.##.####
#.g@.....#
#####...##
..:....+
##...####
#..## #.##
#.# #.#


You could see 2 gnolls.

Vanquished Creatures
  2 gnolls (D:2)
  3 endoplasms
  A goblin (D:1)
  3 hobgoblins (D:1)
  A quokka (D:1)
  2 ball pythons (D:1)
  2 bats (D:1)
  3 frilled lizards (D:1)
  3 kobolds (D:1)
  2 rats (D:1)
22 creatures vanquished.

Notes
Turn   | Place    | Note
-------+----------+-------------------------------------------
     0 | D:1      | jlumianski the Gargoyle Fighter began the quest for the
                  | Orb.
     0 | D:1      | Reached XP level 1. HP: 14/14 MP: 1/1
   123 | D:1      | Reached XP level 2. HP: 19/19 MP: 2/2
   349 | D:1      | You fall into a shaft and drop 1 floor!
   646 | D:2      | Reached XP level 3. HP: 15/23 MP: 3/3
   652 | D:2      | Slain by a gnoll

Illustrated notes

Levels and vault maps discovered:
D:1:      nzn_arrival_water_spiral, layout_rooms
D:2:      layout_loops_corners, basic_altar,
          shapermc_ecumenical_altar_mp_highgroup, hangedman_decor_lopped,
          amethyst_killhole

Skill      XL: |  1  2 |
---------------+-------+-----
Axes           | 2 |  2.4
Fighting       | |  3.6
Armour         | |  3.7
Shields        | |  3.6

Action                   || total
-------------------------++-------
Melee: War axe           ||    55
Armor: Scale mail        ||    22
Dodge: Dodged            ||    38
Block: Buckler           ||     8

Table legend: (Time is in decaauts)
 A = Elapsed time spent in this place.
 B = Non-inter-level travel time spent in this place.
 C = Inter-level travel time spent in this place.
 D = Time resting spent in this place.
 E = Time spent auto-exploring this place.
 F = Levels seen in this place.
 G = Mean time per level.
                   A        B        C        D        E       F      G
               +--------+--------+--------+--------+--------+-----+--------+
         Total |    676 |    676 |      0 |      0 |    361 |   2 |  338.0 |
       Dungeon |    676 |    676 |      0 |      0 |    361 |   2 |  338.0 |
               +--------+--------+--------+--------+--------+-----+--------+

Top non-repeatable levels by time:
     D:1: 615 daAuts
     D:2: 60 daAuts
